AoeStats
← Notorious Guib

Arabia

509659600Analyzed
4v4 RM · 4d ago on Sep 27, 2026· 36m 54s· 8 players
Game mode
Random Map
Map size
Large (8 player)
Population
200
Speed
Normal
Resources
Standard
Victory
Conquest
Starting age
Dark Age
Ending age
Imperial Age
RankedLock teamsTeams togetherTeam positionsShared explorationLock speedFull tech treeHidden civsTurbo modeCheats
Victory
Defeat
🇨🇱 Burgundians · Chile
1180
+10
🇦🇷 Magyars · Argentina
1093
+14
🇨🇴 Huns · Colombia
989
+18
🇵🇪 Slavs · Peru
905
+21
🇫🇷 Berbers · France
1085
-18
🇹🇷 Aztecs · Türkiye
1045
-16
🇫🇷 Byzantines · France
1016
-15
🇫🇷 Hindustanis · France
1005
-14
Noonanx
5:07 Loom
10:48 Feudal Age
16:53 Castle Age
15:28 Double-Bit Axe
15:28 Horse Collar
27:29 Elite Skirmisher
32:46 Pikeman
33:43 Forging
33:36 Gold Mining
34:05 Scale Mail Armor
Notorious Guib
6:18 Loom
10:02 Feudal Age
17:03 Double-Bit Axe
22:07 Castle Age
21:32 Scale Barding Armor
21:40 Bloodlines
21:43 Horse Collar
21:58 Gold Mining
23:15 Chain Barding Armor
24:26 Bow Saw
27:15 Forging
Mr_FahrenHeit
9:02 Loom
13:36 Feudal Age
17:48 Castle Age
15:46 Double-Bit Axe
18:25 Crossbowman
19:35 Bow Saw
23:48 Horse Collar
25:52 Fletching
25:34 Elite Skirmisher
27:06 Wheelbarrow
27:41 Bodkin Arrow
27:55 Heavy Plow
30:20 Padded Archer Armor
35:16 Eagle Warrior
36:56 Hand Cart
36:56 Scale Mail Armor
36:45 Pikeman
-Dark-Bambi-
0:29 Loom
11:29 Feudal Age
21:52 Wheelbarrow
25:45 Castle Age
23:42 Horse Collar
25:23 Padded Archer Armor
25:14 Fletching
29:50 Double-Bit Axe
32:19 Elite Skirmisher
33:25 Bodkin Arrow
34:03 Pikeman
PNAL | Bebeganzo
5:06 Loom
9:28 Feudal Age
10:11 Double-Bit Axe
14:20 Fletching
17:37 Wheelbarrow
20:45 Castle Age
18:58 Gold Mining
19:03 Horse Collar
19:55 Padded Archer Armor
21:36 Bow Saw
21:23 Bodkin Arrow
22:55 Husbandry
23:51 Bloodlines
24:57 Ballistics
26:51 Thumb Ring
34:36 Hand Cart
34:50 Town Watch
TheCris
8:11 Loom
10:15 Feudal Age
19:57 Castle Age
19:48 Fletching
20:37 Double-Bit Axe
21:02 Husbandry
22:43 Bodkin Arrow
25:10 Bloodlines
29:15 Ballistics
29:40 Bow Saw
30:06 Padded Archer Armor
32:55 Thumb Ring
33:34 Leather Archer Armor
35:52 Gold Mining
[CL] Belicore
3:51 Double-Bit Axe
9:35 Feudal Age
17:02 Wheelbarrow
21:25 Castle Age
21:04 Gold Mining
21:08 Horse Collar
21:46 Bow Saw
21:55 Cavalier
23:02 Husbandry
24:08 Gold Shaft Mining
27:55 Scale Barding Armor
28:00 Forging
28:49 Heavy Plow
30:56 Iron Casting
33:26 Chain Barding Armor
Zorrito del Sur
9:41 Loom
11:41 Feudal Age
13:09 Wheelbarrow
12:33 Double-Bit Axe
14:01 Horse Collar
19:13 Gold Mining
23:01 Fishing Lines
26:08 Castle Age
24:55 Bloodlines
25:02 Scale Barding Armor
25:08 Forging
26:51 Husbandry
27:43 Gold Shaft Mining
28:31 Iron Casting
28:18 Chain Barding Armor
28:22 Bow Saw
32:25 Town Watch
32:36 Stone Mining
Connection lost

Rejoining the realm…

Still unreachable

The connection could not be restored.

Session expired

The server has moved on; the page needs a fresh start.